 Dungeon Crawl Stone Soup version 0.26-a0-651-gb41185065b (webtiles) character file.

Game seed: 5223071490660207151

(classic levelgen) 23426 EnegeticOcto the Cleaver (level 12, -2/109 HPs)
             Began as a Deep Dwarf Fighter on Sept 30, 2020.
             Was the Champion of Makhleb.
             Slain by an ice devil (12 damage)
             ... summoned by an orc high priest
             ... on level 2 of the Orcish Mines.
             The game lasted 00:05:53 (7425 turns).

EnegeticOcto the Cleaver (Deep Dwarf Fighter)       Turns: 7425, Time: 00:05:53

Health: -2/109     AC: 21    Str: 30    XL:     12   Next: 71%
Magic:  8/8        EV: 12    Int: 10    God:    Makhleb [******]
Gold:   793        SH: 12    Dex: 12    Spells: 11/11 levels left

rFire    . . .     SeeInvis .   a - +0 broad axe
rCold    . . .     Faith    .   c - +0 kite shield
rNeg     . . .     Spirit   .   b - +0 plate armour
rPois    .         Reflect  .   d - +0 helmet
rElec    .         Harm     .   (no cloak)
rCorr    .         Rampage  .   p - +1 pair of gloves {archery}
MR       +....                  x - +2 pair of boots
Stlth    ..........             (no amulet)
HPRegen  0.00/turn              q - +6 ring of strength
MPRegen  0.11/turn              (no ring)

@: agile, non-regenerating
A: damage resistance, heal wounds, sense surroundings 2, no regeneration
a: Heal Wounds, Minor Destruction, Lesser Servant of Makhleb, Major Destruction,
Greater Servant of Makhleb, Renounce Religion


You were on level 2 of the Orcish Mines.
You worshipped Makhleb.
Makhleb was exalted by your worship.
You visited 2 branches of the dungeon, and saw 13 of its levels.
You also visited: Bailey.

You collected 943 gold pieces.
You spent 150 gold pieces at shops.

Inventory:

Hand Weapons
 a - a +0 broad axe (weapon)
Armour
 b - a +0 plate armour (worn)
 c - a +0 kite shield (worn)
 d - a +0 helmet (worn)
 p - a +1 pair of gloves of archery (worn)
 x - a +2 pair of boots (worn)
Jewellery
 q - a +6 ring of strength (left hand)
 v - an uncursed ring of wizardry {unknown}
Wands
 f - a wand of paralysis (14)
 l - a wand of acid (13) {@v1}
 n - a wand of digging (7) {@v3}
 s - a wand of disintegration (8)
 t - a wand of enslavement (11)
 y - a wand of polymorph (3)
Scrolls
 g - 9 scrolls of remove curse {@r2}
 h - 3 scrolls of teleportation {@r3}
 k - a scroll of fog
 o - 2 scrolls of fear
 w - 2 scrolls of immolation {@r4}
Potions
 e - 2 potions of flight
 i - 2 potions of resistance {@q6}
 j - 10 potions of curing {@q1}
 m - 2 potions of lignification {@q7}
 r - 3 potions of might {@q3}
 u - a potion of berserk rage
 z - 6 potions of heal wounds {@q2}
 A - 3 potions of haste {@q4}
 B - 3 potions of mutation
 D - 2 potions of magic


   Skills:
 + Level 7.6 Fighting
 * Level 14.7 Axes
 + Level 9.2 Armour
 + Level 9.3 Shields
 + Level 10.0 Invocations


You had 11 spell levels left.
You didn't know any spells.
Your spell library was empty.

Dungeon Overview and Level Annotations

Branches:
Dungeon (11/15)            Temple (0/1) D:5            Lair (0/6) D:11
    Orc (1/2) D:9          Bailey (visited)

Altars:
Elyvilon
Makhleb
Nemelex Xobeh
Yredelemnul
Zin
Beogh

Shops:
D:9 !

Portals:
Bazaar: D:11

Annotations:
D:7 2 transporters


Innate Abilities, Weirdness & Mutations

You are resistant to damage.
You can heal yourself by infusing magical energy.
You passively map the area around you.
You do not regenerate.


Message History

You hit the orc priest. You hit the orc warrior. You barely miss the orc.
You hear a shout! x2
The orc priest hits you but does no damage.
The orc hits you but does no damage.
The orc sorcerer hits you but does no damage.
Your neqoxec hits the orc sorcerer but does no damage.
You slash the orc sorcerer!
You kill the orc sorcerer!
Makhleb accepts your kill.
You feel better.
You hit the orc.
You hit the orc warrior but do no damage.
You hit the orc priest. You block the orc warrior's attack.
The orc priest looks encouraged for a moment.
You closely miss the orc warrior.
The orc warrior is severely wounded.
You hit the orc.
You kill the orc!
Makhleb accepts your kill.
You feel better.
You barely miss the orc priest.
The orc warrior hits you with a +0 halberd.
You block the orc priest's attack.
You hit the orc warrior.
The orc warrior is almost dead.
You hit the orc warrior. You closely miss the orc priest.
The orc warrior hits you but does no damage.
You block the orc warrior's attack.
The orc priest mumbles some strange prayers to Beogh against you.
You easily resist.
You slash the orc warrior!
You kill the orc warrior!
Makhleb accepts your kill.
You feel better.
Your Invocations skill increases to level 10!
You slash the orc warrior! You slash the orc priest!
You kill the orc priest!
Makhleb accepts your kill.
You feel better.
An orc priest comes into view. It is wielding a +0 mace.
You block the orc warrior's attack.
You hit the orc warrior but do no damage.
The orc warrior is heavily wounded.
The orc priest mumbles some strange prayers to Beogh against you.
Beogh smites you!
Your neqoxec closely misses the orc warrior.
The orc warrior hits you but does no damage.
You hear a shout! x2
You slash the orc warrior!
The orc warrior is almost dead.
You completely miss the orc high priest.
You hear a shout! x4
An orc warrior comes into view.
It is wielding a +0 flail and wearing a +0 plate armour of magic resistance.
Your neqoxec gestures at the orc warrior.
The orc warrior twists and deforms.
The orc warrior closely misses your neqoxec.
The orc high priest mumbles some strange prayers to Beogh.
You strike the helpless orc warrior from behind!
You slash the orc warrior!
You kill the orc warrior!
Makhleb accepts your kill.
You feel better.
You hit the orc high priest.
The orc priest calls upon Beogh to heal the orc high priest.
The orc high priest's wounds heal themselves!
The orc high priest hits you but does no damage.
The sun demon hits your neqoxec!
Your neqoxec is engulfed in flames!
Your neqoxec dies!
You barely miss the orc high priest.
An orc priest comes into view. It is wielding a +0 club.
You hit the orc high priest but do no damage.
You barely miss the sun demon. The sun demon hits you!!
You are engulfed in flames!
An orc warrior comes into view. It is wielding a +0 long sword.
You closely miss the orc high priest. You closely miss the sun demon.
The orc high priest utters an invocation to Beogh.
You block the sun demon's attack.
You closely miss the orc high priest. You slash the ice devil!
You slash the sun demon! You block the orc high priest's attack.
The sun demon hits you but does no damage.
The orc priest miscasts a cantrip.
An orc priest comes into view. It is wielding a +0 whip.
An orc priest comes into view. It is wielding a +0 short sword.
You slash the ice devil!
The ice devil is heavily wounded.
You closely miss the orc warrior.
Your plate armour prevents you from hitting the orc high priest.
You hit the sun demon but do no damage. You block the ice devil's attack.
You block the sun demon's attack.
The orc high priest hits you but does no damage.
The orc warrior hits you but does no damage.
A demon appears!
An orc priest comes into view.
The chaos spawn gores you!
You feel agile all of a sudden. The sun demon hits you!
* * * LOW HITPOINT WARNING * * *
You are engulfed in flames!
* * * LOW HITPOINT WARNING * * *
The ice devil hits you.
* * * LOW HITPOINT WARNING * * *
The ice devil freezes you!
You die...

,, , , , , ,
................#..
................#..
, ,
......$............*
, ,
...................
, ,
,..^................
......o.3..........
, , * ,,
,......43)..........
.....oo@)†.........
,
,....o.4o.....####.#
* * * #...######...#
* * o.. , , ##..# .
, ,, ##.# , * ,, ,
.# , , , , .# , , ,
.# , * , , .#


You could see an orc high priest, a sun demon (summoned), an ice devil
(summoned), a chaos spawn (summoned), 2 orc warriors, 3 orc priests and a
friendly neqoxec (summoned).

Vanquished Creatures
  2 two-headed ogres (D:11)
  The ghost of EnegeticOcto the Cleaver, a novice DDFi of Makhleb (D:9)
  An orange crystal statue (D:11)
  An orc knight (Bailey)
  An orc sorcerer (Orc:2)
  Maggie (D:10)
  2 trolls
  4 hippogriffs
  A wraith (D:11)
  9 yaks
  A basilisk (D:11)
  3 wargs (D:11)
  2 water moccasins
  6 ice beasts
  A black bear (D:6)
  16 orc warriors
  A phantom (D:10)
  An eye of draining (D:10)
  2 sky beasts
  4 ogres
  3 centaurs
  A necrophage (D:8)
  A crocodile (D:5)
  5 bullfrogs
  3 big kobolds
  2 gnoll sergeants (D:7)
  2 scorpions
  4 killer bees (D:11)
  9 wights
  4 howler monkeys
  A jelly (D:6)
  A quasit (D:10)
  7 hounds
  2 gnoll shamans (D:7)
  13 orc priests
  3 centaur skeletons
  17 orc wizards
  2 iguanas
  A bullfrog skeleton (D:7)
  Ijyb (D:3)
  10 worker ants
  A hound zombie (D:10)
  2 hound skeletons
  A worker ant zombie (D:10)
  A howler monkey zombie (D:6)
  34 gnolls
  13 adders
  2 shadow imps (D:6)
  3 white imps
  3 ufetubi
  An ooze (D:6)
  An adder skeleton (D:4)
  4 worms (D:2)
  6 leopard geckos
  58 orcs
  3 giant cockroaches
  8 goblins
  13 hobgoblins
  3 jackals
  7 quokkas
  A bat (D:3)
  2 frilled lizards
  A jackal zombie (D:8)
  30 kobolds
  A leopard gecko skeleton (D:8)
  3 quokka skeletons
  A quokka zombie (D:5)
  4 rats
359 creatures vanquished.

Vanquished Creatures (others)
  9 plants (D:3)
9 creatures vanquished.

Grand Total: 368 creatures vanquished

Notes
Turn   | Place    | Note
-------+----------+-------------------------------------------
     0 | D:1      | EnegeticOcto the Deep Dwarf Fighter began the quest for the
                  | Orb.
     0 | D:1      | Reached XP level 1. HP: 20/20 MP: 1/1
    39 | D:2      | Reached XP level 2. HP: 21/27 MP: 2/2
   169 | D:2      | Found a burning altar of Makhleb.
   194 | D:2      | Became a worshipper of Makhleb the Destroyer
   263 | D:2      | Reached skill level 3 in Axes
   263 | D:2      | Reached XP level 3. HP: 23/34 MP: 3/3
   334 | D:3      | Found a glowing silver altar of Zin.
   532 | D:3      | Noticed Ijyb
   536 | D:3      | Reached skill level 1 in Invocations
   541 | D:3      | Reached XP level 4. HP: 20/42 MP: 4/4
   611 | D:3      | Killed Ijyb
   808 | D:3      | Reached XP level 5. HP: 37/49 MP: 6/6
  1127 | D:3      | Reached skill level 4 in Axes
  1176 | D:3      | Reached * piety under Makhleb
  1568 | D:4      | Reached XP level 6. HP: 37/56 MP: 7/7
  2002 | D:5      | Entered Level 5 of the Dungeon
  2080 | D:5      | Reached skill level 5 in Axes
  2281 | D:5      | Noticed an ice beast
  2293 | D:5      | Killed an ice beast
  2293 | D:5      | Reached XP level 7. HP: 45/63 MP: 7/7
  2413 | D:5      | Found a staircase to the Ecumenical Temple.
  2439 | D:5      | Reached skill level 5 in Armour
  2443 | D:5      | Reached skill level 5 in Shields
  2444 | D:5      | Reached skill level 6 in Axes
  2916 | D:6      | Reached XP level 8. HP: 69/73 MP: 7/7
  2960 | D:6      | Found a basalt altar of Yredelemnul.
  2965 | D:6      | Found a sparkling altar of Nemelex Xobeh.
  2969 | D:6      | Found a white marble altar of Elyvilon.
  3367 | D:7      | Reached ** piety under Makhleb
  3388 | D:7      | Found a transporter.
  3423 | D:7      | Found a transporter.
  3526 | D:7      | Reached skill level 7 in Axes
  3526 | D:7      | Reached skill level 5 in Invocations
  3667 | D:7      | Reached skill level 5 in Fighting
  3732 | D:7      | Gained mutation: You passively map the area around you.
                  | [Deep Dwarf growth]
  3732 | D:7      | Reached XP level 9. HP: 58/81 MP: 7/7
  3767 | D:7      | Reached *** piety under Makhleb
  3879 | D:7      | Reached skill level 8 in Axes
  4177 | D:8      | Reached skill level 9 in Axes
  4191 | D:8      | Reached **** piety under Makhleb
  4786 | D:9      | Found a staircase to the Orcish Mines.
  4788 | D:9      | Found Pyarang's Distillery.
  4809 | D:9      | Bought a potion of haste for 150 gold pieces
  4850 | D:9      | Reached XP level 10. HP: 64/91 MP: 8/8
  4947 | D:9      | Found a runed translucent gate.
  4947 | D:9      | Found a runed translucent gate.
  4947 | D:9      | Noticed EnegeticOcto's ghost (novice DDFi)
  4949 | D:9      | Found a runed translucent gate.
  4950 | D:9      | Found a roughly hewn altar of Beogh.
  4973 | D:9      | Killed EnegeticOcto's ghost
  4973 | D:9      | Reached skill level 10 in Axes
  4999 | D:9      | Got a pair of ancient boots
  5009 | D:9      | Identified the cursed +0 pair of boots of the Clam {rF-
                  | Int+3 Stlth+} (You found it on level 9 of the Dungeon)
  5225 | D:10     | Entered Level 10 of the Dungeon
  5228 | D:10     | Noticed Maggie
  5244 | D:10     | Killed Maggie
  5360 | D:10     | Reached ***** piety under Makhleb
  5812 | D:10     | Reached skill level 11 in Axes
  5814 | D:10     | Reached XP level 11. HP: 99/99 MP: 10/10
  6333 | D:11     | Noticed a two-headed ogre
  6349 | D:11     | Killed a two-headed ogre
  6395 | D:11     | Found a flagged portal.
  6407 | Bailey   | Entered a bailey
  6527 | Bailey   | Reached ****** piety under Makhleb
  6555 | Bailey   | Noticed an orc knight
  6607 | Bailey   | Killed an orc knight
  6695 | D:11     | Reached skill level 14 in Axes
  6695 | D:11     | Reached XP level 12. HP: 83/109 MP: 9/9
  6725 | D:11     | Found a gateway to a bazaar.
  6738 | D:11     | Noticed a centaur warrior
  6842 | D:11     | Found a staircase to the Lair.
  6922 | D:11     | Noticed a two-headed ogre
  6943 | D:11     | Killed a two-headed ogre
  7249 | Orc:1    | Entered Level 1 of the Orcish Mines
  7378 | Orc:1    | You fall into a shaft and drop 1 floor!
  7378 | Orc:2    | Entered Level 2 of the Orcish Mines
  7411 | Orc:2    | Noticed an orc high priest
  7416 | Orc:2    | Reached skill level 10 in Invocations
  7425 | Orc:2    | Slain by an ice devil

Illustrated notes

Levels and vault maps discovered:
D:1:      dpeg_arrival_stonehenge_8_columns, layout_basic, minmay_door_square
D:2:      layout_rooms, fedhas_altar_1, overflow_temple_1_default,
          minmay_misc_feat_secret_circle, minmay_splitting_lines
D:3:      cheibrodos_thug_alley, layout_basic, zin_academy,
          serial_bayou_lagoon_b, uniq_ijyb
D:4:      layout_loops_ring
D:5:      layout_loops_corners, minmay_temple_entry_ruins, nrook_pool_corridor,
          chequers_serial_rivers_room_b
D:6:      layout_cave_pools, minitemple, minmay_chambers_of_fives
D:7:      gammafunk_steamed_eel, layout_cave_pools, serial_gnoll_camp,
          gnoll_camp_mini_house, gnoll_camp_mini_sergeant,
          gnoll_camp_mini_house, gnoll_camp_mini_doghouse
D:8:      layout_rooms, serial_rivers, chequers_serial_rivers_micro_e,
          chequers_serial_rivers_large_a, chequers_serial_rivers_marsh,
          chequers_serial_rivers_micro_a
D:9:      layout_rooms, orc_0_dummy, serial_shops, shop,
          biasface_ghost_orc_armoury
D:10:     layout_long_grid, minivault_11, st_stairs_9, nicolae_zen_rock_garden,
          uniq_maggie
D:11:     layout_cave_pools, erik_lair_orcish_takeover, serial_shops,
          statue_bzr, enter_bailey_3
Orc:1:    layout_diamond_mine, nicolae_orc_lava_tube, guppyfry_orc_lava_fort
Orc:2:    st_orc_mages, layout_caves, uniq_josephine

Skill      XL: |  1  2  3  4  5  6  7  8  9 10 11 12 |
---------------+-------------------------------------+-----
Fighting       | 3 4 5 6 7 |  7.6
Axes           | 3 4 5 6 7 9 11 14 | 14.7
Invocations    | 1 2 3 4 5 7 8 9 10 | 10.0
Armour         | 4 5 6 7 8 9 |  9.2
Shields        | 4 5 6 7 8 9 |  9.3

Action                   |  1- 3 |  4- 6 |  7- 9 | 10-12 || total
-------------------------+-------+-------+-------+-------++-------
Melee: War axe           |    88 |   206 |   388 |    63 ||   745
       Broad axe         |       |       |       |   419 ||   419
Invok: Lesser Servant of |       |       |       |     2 ||     2
 Abil: Heal Wounds       |     3 |     5 |    16 |     9 ||    33
Evoke: Wand              |       |       |       |     6 ||     6
  Use: Scroll            |       |       |    14 |     7 ||    21
       Potion            |       |       |       |     3 ||     3
 Stab: Distracted        |       |       |       |     1 ||     1
Armor: Scale mail        |    30 |    94 |   108 |       ||   232
       Chain mail        |       |       |   173 |       ||   173
       Plate armour      |       |       |    19 |   312 ||   331
Dodge: Dodged            |    25 |    61 |   156 |   115 ||   357
Block: Kite shield       |    43 |   115 |   328 |   355 ||   841

Table legend: (Time is in decaauts)
 A = Elapsed time spent in this place.
 B = Non-inter-level travel time spent in this place.
 C = Inter-level travel time spent in this place.
 D = Time resting spent in this place.
 E = Time spent auto-exploring this place.
 F = Levels seen in this place.
 G = Mean time per level.
                   A        B        C        D        E       F      G
               +--------+--------+--------+--------+--------+-----+--------+
         Total |   7682 |   7354 |    328 |      0 |   5183 |  14 |  548.7 |
       Dungeon |   7222 |   6895 |    327 |      0 |   5004 |  11 |  656.5 |
  Orcish Mines |    169 |    169 |      0 |      0 |     75 |   2 |   84.5 |
        Bailey |    291 |    291 |      0 |      0 |    104 |   1 |  291.0 |
               +--------+--------+--------+--------+--------+-----+--------+

Top non-repeatable levels by time:
     D:3: 1214 daAuts
    D:10: 1099 daAuts
     D:5: 892 daAuts
     D:7: 786 daAuts
     D:8: 694 daAuts
    D:11: 661 daAuts
     D:4: 620 daAuts
     D:6: 508 daAuts
     D:9: 448 daAuts
  Bailey: 291 daAuts
     D:2: 264 daAuts
   Orc:1: 125 daAuts
   Orc:2: 44 daAuts
     D:1: 32 daAuts
